[Event "Titled Tuesday Blitz February 28 Early 2023"]
[White "Lauridsen, Jesper Morch"]
[Black "Yayloyan, Konstantin"]
[WhiteFideId "1401890"]
[BlackFideId "13307088"]
[WhiteElo "2260"]
[BlackElo "2190"]
[Result "1-0"]
[Round "08"]
[TimeControl "180+2"]
[Date "2023.02.28"]
[WhiteClock "0:00:12"]
[BlackClock "0:00:09"]

1. e4 c5 2. c3 Nf6 3. e5 Nd5 4. d4 e6 5. Nf3 cxd4 6. cxd4 d6 7. Bc4 Nb6 8. Bb3 Nc6 9. O-O Be7 10. exd6 Qxd6 11. Nc3 O-O 12. Nb5 Qd7 13. Bf4 a6 14. Nc7 Ra7 15. Re1 Bd8 16. Nxe6 fxe6 17. Bxe6+ Qxe6 18. Rxe6 Bxe6 19. Bd6 Rf7 20. Bc5 Bd5 21. Ne5 Rf6 22. Qh5 g6 23. Qh6 Ra8 24. Bxb6 Nxe5 25. Bxd8 Nf7 26. Qh4 g5 27. Qh5 Rxd8 28. Re1 Re6 29. Re3 Bxa2 30. h4 Rxd4 31. Rxe6 Bxe6 32. hxg5 Kg7 33. Qe2 Bf5 34. b3 Re4 35. Qb2+ Kg8 36. Qf6 Bg6 37. Qb6 Re7 38. f3 Rd7 39. b4 Nxg5 40. Qf6 Nf7 41. Qe6 Rd6 42. Qe7 Kg7 43. Qxb7 h5 44. Qc7 h4 45. Qc3+ Kg8 46. Qc4 Rd1+ 47. Kh2 Rb1 48. Qxh4 Kg7 49. Qd4+ Kg8 50. Qb6 Kg7 51. Qxa6 Rxb4 52. Qa1+ Kg8 53. Qf6 Rb5 54. Qxg6+ Kf8 55. Qf6 Re5 56. Qf4 Rd5 57. Qb4+ Kg7 58. Qc3+ Kf8 59. Qa3+ Kg7 60. Qa1+ Kf8 61. Qa8+ Kg7 62. Qxd5 Kg6 63. Qd4 Ng5 64. Qf4 Kh5 65. Qd6 Nf7 66. Qe7 Kg6 67. Qe8 Kf6 68. Kg3 Ne5 69. Qxe5+ Kxe5 70. f4+ Kf6 71. Kf3 Kg6 72. g4 Kf6 73. Ke4 Kg6 74. g5 Kf7 75. Kf5 Ke7 76. g6 Kf8 77. Kf6 Kg8 78. g7 Kh7 79. Kf7 Kh6 80. g8=Q 1-0


[Site "https://www.chess.com"]

[Event "Titled Tuesday Blitz February 28 Early 2023"]
[White "Carrasco Miranda, Andres"]
[Black "Nur-Mukhametova, Alisa"]
[WhiteFideId "3405990"]
[BlackFideId "54117739"]
[WhiteElo "2183"]
[BlackElo "2007"]
[Result "0-1"]
[Round "08"]
[TimeControl "180+2"]
[Date "2023.02.28"]
[WhiteClock "0:00:01"]
[BlackClock "0:00:04"]

1. d4 Nf6 2. c4 e6 3. g3 d5 4. Bg2 Bb4+ 5. Nd2 O-O 6. Nf3 b6 7. cxd5 exd5 8. O-O Bb7 9. a3 Bd6 10. b4 Nbd7 11. Bb2 Re8 12. e3 Ne4 13. Qc2 Ndf6 14. Ne5 Nxd2 15. Qxd2 Ne4 16. Qc2 f6 17. Nd3 Qe7 18. Rfc1 c6 19. b5 cxb5 20. Qb3 a6 21. Ne5 Nd2 22. Qc2 fxe5 23. Qxd2 e4 24. Rc2 Rf8 25. Rac1 a5 26. Bf1 b4 27. axb4 Bxb4 28. Qd1 Qf6 29. Bb5 Ba6 30. Qf1 Bxb5 31. Qxb5 h5 32. Qxd5+ Qf7 33. Qxe4 h4 34. f4 hxg3 35. hxg3 Rae8 36. Qf3 Qe6 37. Kf2 Qf6 38. Rc6 Qf5 39. Rh1 Qd3 40. Qh5 Qd2+ 41. Kf3 Qxe3+ 42. Kg2 Qe4+ 43. Kh2 Qxc6 44. f5 Qc2+ 0-1


[Site "https://www.chess.com"]

[Event "Titled Tuesday Blitz February 28 Early 2023"]
[White "Shubenkova, Veronika"]
[Black "Gutierrez Espinosa, Karen"]
[WhiteFideId "44124040"]
[BlackFideId "3513238"]
[WhiteElo "2027"]
[BlackElo "2017"]
[Result "1-0"]
[Round "08"]
[TimeControl "180+2"]
[Date "2023.02.28"]
[WhiteClock "0:00:10"]
[BlackClock "0:00:02"]

1. e4 c6 2. d4 d5 3. Nc3 dxe4 4. Nxe4 Bf5 5. Ng3 Bg6 6. h4 h6 7. Nf3 Nd7 8. h5 Bh7 9. Bd3 Bxd3 10. Qxd3 e6 11. c3 Ngf6 12. Bf4 c5 13. Rd1 Nd5 14. Bd2 Be7 15. c4 N5f6 16. Bc3 cxd4 17. Nxd4 O-O 18. O-O Nc5 19. Qe2 Qc7 20. Nb5 Qc6 21. b4 Ncd7 22. a3 a6 23. Nd4 Qc7 24. c5 Rad8 25. Bb2 Nb8 26. Rfe1 Nc6 27. Nf3 Rxd1 28. Rxd1 Rd8 29. Rxd8+ Qxd8 30. Bxf6 Bxf6 31. Ne4 Qd5 32. Nxf6+ gxf6 33. Nd2 Nd4 34. Qg4+ Kh7 35. Qe4+ Qxe4 36. Nxe4 Nc6 37. Nxf6+ Kg7 38. Ne8+ Kf8 39. Nd6 Nd8 40. f3 Ke7 41. Kf2 Kd7 42. Ke3 Kc6 43. Kf4 b6 44. Ke5 bxc5 45. bxc5 Kxc5 46. Ne4+ Kc4 47. Kf6 Kb3 48. Nc5+ Kxa3 49. Nxa6 Kb3 50. Kg7 f5 51. Kxh6 e5 52. Kg7 Kc4 53. Nc7 e4 54. fxe4 fxe4 55. h6 e3 56. h7 e2 57. h8=Q e1=Q 58. Qxd8 Qg3+ 59. Kf8 Qxg2 60. Ne6 Qf3+ 61. Ke8 Qc6+ 62. Ke7 Qb7+ 63. Kf6 Qf3+ 64. Ke5 Qe3+ 65. Kf5 Qf3+ 66. Nf4 Qf2 67. Qd5+ Kc3 68. Qd3+ Kb2 69. Qb5+ Ka1 70. Qa4+ Qa2 71. Qd4+ Qb2 72. Qa7+ Qa2 73. Qe7 Qb1+ 74. Kg5 Qb5+ 75. Kg4 Qa4 76. Qe1+ Ka2 77. Qd2+ Ka3 78. Kf3 Kb3 79. Nd3 Qa8+ 80. Ke3 Qa7+ 81. Ke2 Qe7+ 82. Kd1 Ka4 83. Qa2+ Kb5 84. Qb3+ Kc6 85. Qc4+ Kd7 86. Nc5+ Ke8 87. Qb5+ Kf8 88. Nd7+ Kg7 89. Qd5 1-0


[Site "https://www.chess.com"]

[Event "Titled Tuesday Blitz February 28 Early 2023"]
[White "Chemin, Justo Reinaldo"]
[Black "Burke, John F"]
[WhiteFideId "2101580"]
[BlackFideId "2052970"]
[WhiteElo "1940"]
[BlackElo "2236"]
[Result "1-0"]
[Round "08"]
[TimeControl "180+2"]
[Date "2023.02.28"]
[WhiteClock "0:00:23"]
[BlackClock "0:00:48"]

1. d4 c5 2. e3 e6 3. Nf3 Nf6 4. Bd3 b6 5. b3 Bb7 6. Bb2 d6 7. Nbd2 Be7 8. a3 Nbd7 9. O-O Qc7 10. Rc1 a6 11. c4 O-O 12. Bb1 Rfe8 13. Qc2 Nf8 14. e4 cxd4 15. Nxd4 Rac8 16. Qd3 Ng4 17. Qg3 Ne5 18. f4 Neg6 19. f5 Ne5 20. f6 Nfg6 21. fxe7 Qxe7 22. N4f3 Qc7 23. Nxe5 dxe5 24. Nf3 f6 25. h4 Nf4 26. Rce1 Rcd8 27. Bc1 Nh5 28. Qg4 g6 29. Rd1 Qc5+ 30. Kh2 Rxd1 31. Rxd1 Qf2 32. Rd7 Bc8 33. Rc7 f5 34. exf5 exf5 35. Qg5 e4 36. Ne5 f4 37. Nxg6 Qg3+ 38. Qxg3 fxg3+ 39. Kg1 hxg6 40. Bxe4 Rxe4 41. Rxc8+ Kf7 42. Kf1 Rd4 43. Bg5 Rd3 44. b4 Rxa3 45. c5 bxc5 46. bxc5 Ra2 47. c6 Nf6 48. Bxf6 Kxf6 49. c7 1-0


[Site "https://www.chess.com"]

[Event "Titled Tuesday Blitz February 28 Early 2023"]
[White "Schroeder, Jan-Christian"]
[Black "Tiarks, Jann-Christian"]
[WhiteFideId "24662259"]
[BlackFideId "12951595"]
[WhiteElo "2556"]
[BlackElo "2194"]
[Result "1-0"]
[Round "08"]
[TimeControl "180+2"]
[Date "2023.02.28"]
[WhiteClock "0:01:16"]
[BlackClock "0:00:05"]

1. Nf3 c5 2. g3 Nc6 3. Bg2 Nf6 4. O-O e5 5. d3 Be7 6. c4 O-O 7. Nc3 d6 8. a3 a5 9. Rb1 h6 10. Ne1 Be6 11. Nd5 Rb8 12. Nc2 Qd7 13. b4 axb4 14. axb4 b6 15. b5 Nd4 16. Nce3 Rfe8 17. Ra1 Bh3 18. Ra6 Bxg2 19. Kxg2 Bd8 20. Nxf6+ Bxf6 21. Nd5 Bd8 22. e3 Ne6 23. h4 Nc7 24. Nxc7 Bxc7 25. Qf3 Qe6 26. Ra7 Rbc8 27. e4 Rf8 28. Be3 f5 29. exf5 Qxf5 30. Qxf5 Rxf5 31. Rb7 Bd8 32. Ra1 Rf7 33. Raa7 Rxb7 34. Rxb7 Ra8 35. Kf3 Kf8 36. Ke4 Ra2 37. h5 Ra3 38. g4 Rb3 39. Rb8 Ke7 40. g5 Kd7 41. gxh6 gxh6 42. Bxh6 Ra3 43. Bg7 Kc7 44. h6 Ra1 45. Rxd8 Kxd8 46. h7 Rh1 47. h8=Q+ Rxh8 48. Bxh8 1-0


[Site "https://www.chess.com"]

[Event "Titled Tuesday Blitz February 28 Early 2023"]
[White "Gritsenko, Nikolai"]
[Black "Kostiukov, Alexandr"]
[WhiteFideId "14112493"]
[BlackFideId "14108100"]
[WhiteElo "2389"]
[BlackElo "2202"]
[Result "1-0"]
[Round "08"]
[TimeControl "180+2"]
[Date "2023.02.28"]
[WhiteClock "0:00:19"]
[BlackClock "0:00:05"]

1. e4 c5 2. Nf3 g6 3. c3 Bg7 4. d4 cxd4 5. cxd4 d5 6. exd5 Nf6 7. Bb5+ Nbd7 8. d6 exd6 9. O-O O-O 10. a4 Nb6 11. h3 Bf5 12. Nc3 a6 13. Be2 Rc8 14. Re1 Re8 15. Bg5 h6 16. Bh4 g5 17. Bg3 Nc4 18. Qb3 Na5 19. Qb4 d5 20. Bd6 Nc4 21. Bxc4 Rxc4 22. Qa3 Re6 23. Rxe6 fxe6 24. Be5 Bf8 25. Qa2 Ne4 26. Nxe4 Bxe4 27. Nd2 Rc6 28. Nxe4 dxe4 29. Qb3 Qd5 30. Qd1 Bg7 31. Qh5 Bxe5 32. dxe5 Kg7 33. Rd1 Qxe5 34. Rd7+ 1-0


[Site "https://www.chess.com"]

[Event "Titled Tuesday Blitz February 28 Early 2023"]
[White "Shuvalova, Polina"]
[Black "Manon-og, Ramon Jr."]
[WhiteFideId "24171760"]
[BlackFideId "5200776"]
[WhiteElo "2330"]
[BlackElo "2328"]
[Result "1-0"]
[Round "08"]
[TimeControl "180+2"]
[Date "2023.02.28"]
[WhiteClock "0:00:19"]
[BlackClock "0:00:13"]

1. e4 c5 2. Nf3 d6 3. d4 cxd4 4. Nxd4 Nf6 5. Nc3 a6 6. g3 e5 7. Nb3 Be7 8. Bg5 Bg4 9. Qd3 Nbd7 10. a4 O-O 11. Bg2 Rc8 12. O-O h6 13. Be3 Qc7 14. a5 Nc5 15. Nxc5 dxc5 16. Nd5 Nxd5 17. exd5 f5 18. h3 Bh5 19. Qc4 Bd6 20. g4 fxg4 21. hxg4 Bg6 22. Be4 Rf6 23. Bxg6 Rxg6 24. Qe4 Qf7 25. f3 Rf8 26. Kg2 Qf6 27. Rh1 Qf7 28. Raf1 Rf6 29. c4 Qg6 30. Qxg6 Rxg6 31. Rh4 Be7 32. Rh5 e4 33. f4 Rxg4+ 34. Kh3 Rg6 35. Re5 Bf6 36. Rxe4 Bxb2 37. Bxc5 Rc8 38. Be3 Bc3 39. f5 Rd6 40. Kg4 Bxa5 41. Bf4 Rd7 42. d6 Bb4 43. Rd1 Rc6 44. Re6 Kf7 45. Rd4 Bc5 46. Rde4 Bxd6 47. Be3 Bc5 48. Rxc6 Bxe3 49. Rce6 Bc5 50. R6e5 b6 51. Re6 a5 52. Rc6 a4 53. Rc8 a3 54. Ra8 Rd2 55. Re6 a2 56. Re1 Bd4 57. Rf1 Bf6 58. Kf4 Rd4+ 59. Ke3 Rxc4 60. Rxa2 Rc3+ 61. Kd2 Rh3 62. Rc2 Rh2+ 63. Kd1 Rh3 64. Rd2 b5 65. Kc2 b4 66. Re2 Rc3+ 67. Kd2 b3 68. Rf4 Bg5 69. Kxc3 Bxf4 70. Kxb3 Kf6 71. Rg2 Bg5 72. Rf2 h5 73. Kc4 h4 74. Kd5 Be3 75. Rf3 Bd2 76. Ke4 Be1 77. Kf4 Bd2+ 78. Kg4 Be1 79. Rd3 Kf7 80. Re3 Bf2 81. Re2 Bg3 82. Rg2 Kf6 83. Ra2 Kf7 84. Ra6 Kf8 85. Ra3 Kf7 86. Kg5 Be1 87. Ra7+ Kf8 88. Kg6 h3 89. Ra8+ Ke7 90. Rh8 Bc3 91. Rxh3 Bf6 92. Re3+ Kf8 93. Re2 Bc3 94. Rc2 Bd4 95. Rc8+ Ke7 96. Rg8 Bf6 97. Rxg7+ Bxg7 98. Kxg7 Ke8 99. f6 Kd7 100. f7 Ke6 101. f8=Q Ke5 102. Qf6+ Ke4 103. Kg6 Ke3 104. Qf5 Kd4 105. Qe6 Kd3 106. Qe5 Kc4 107. Qd6 Kc3 108. Qd5 Kb4 109. Qc6 Kb3 110. Qc5 Ka4 111. Qb6 Ka3 112. Qb5 Ka2 113. Qb4 Ka1 114. Kf5 Ka2 115. Ke4 Ka1 116. Kd3 Ka2 117. Kc2 Ka1 118. Qb2# 1-0


[Site "https://www.chess.com"]

[Event "Titled Tuesday Blitz February 28 Early 2023"]
[White "Sovetbekova, Nurai"]
[Black "Berezin, Viktor"]
[WhiteFideId "13801910"]
[BlackFideId "14107872"]
[WhiteElo "1857"]
[BlackElo "2310"]
[Result "1/2-1/2"]
[Round "08"]
[TimeControl "180+2"]
[Date "2023.02.28"]
[WhiteClock "0:00:15"]
[BlackClock "0:00:10"]

1. d4 Nf6 2. c4 g6 3. Nc3 Bg7 4. e4 O-O 5. e5 Ne8 6. Nf3 d6 7. exd6 cxd6 8. Bf4 Nc6 9. Be2 Bg4 10. d5 Bxf3 11. Bxf3 Nd4 12. O-O Rc8 13. Be2 Nxe2+ 14. Qxe2 Nf6 15. Rac1 Re8 16. Rfd1 Nd7 17. Ne4 a6 18. b3 Qa5 19. Rc2 Nf6 20. Bd2 Qc7 21. Bc3 Nxe4 22. Qxe4 Bxc3 23. Rxc3 b5 24. Qf4 bxc4 25. Rxc4 Qa5 26. Ra4 Qb6 27. h3 Rc2 28. Rd2 Rec8 29. Rc4 R8xc4 30. bxc4 Qb1+ 31. Kh2 Qc1 32. Rd4 Qxf4+ 33. Rxf4 Rxa2 34. Re4 Kf8 35. Kg3 a5 36. c5 dxc5 37. Rc4 Ke8 38. Rxc5 Kd7 39. Kf3 Kd6 40. Rb5 a4 41. Ra5 a3 42. g4 Ra1 43. Kg2 a2 44. h4 Kc7 45. Kf3 Kb6 46. Ra8 Kb5 47. Kf4 Kc4 48. Ra5 Kd4 49. Kf3 Kc4 50. Kf4 Kb3 51. Rb5+ Kc2 52. Rc5+ Kd3 53. Ra5 Ke2 54. f3 Kf2 55. h5 Ke2 56. hxg6 hxg6 57. Ra3 Kd2 58. Ra5 Kc2 59. Ra7 Kc3 60. Ra5 Kb4 61. Ra7 Kb5 62. Ra8 Kc5 63. Ra5+ Kd6 64. g5 e6 65. dxe6 Kxe6 66. Ra6+ Ke7 67. Ra7+ Ke8 68. Ra8+ Kd7 69. Ra7+ Kc6 70. Ra6+ Kb5 71. Ra8 Kb4 72. Rb8+ Kc3 73. Rc8+ Kd2 74. Rd8+ Ke2 75. Re8+ Kf2 76. Ra8 Kg2 77. Ra3 Kh3 78. Ra8 Kg2 79. Ra3 Kf2 80. Ra8 Ke1 81. Re8+ Kd2 82. Ra8 Kc2 83. Ra7 Kb2 84. Rb7+ Kc1 85. Rc7+ Kb1 86. Rb7+ Kc2 87. Rc7+ Kb3 88. Rb7+ Ka3 89. Ra7+ Kb4 90. Rb7+ Ka5 91. Ra7+ Kb6 92. Ra3 Kb5 93. Ra8 Kb4 94. Ra7 Kb3 95. Rb7+ Ka4 96. Ra7+ Kb5 97. Ra3 Rb1 98. Rxa2 Rb4+ 99. Kg3 Kc6 100. Ra7 Rb5 101. f4 Rf5 102. Kg4 Kd6 103. Ra6+ Ke7 104. Kf3 Kf8 105. Ke4 Kg7 106. Ra1 Rb5 107. Ra7 Rb4+ 108. Kf3 Rb3+ 109. Kg4 Rb4 110. Ra2 Rc4 111. Re2 Rd4 112. Re5 Rb4 113. Kf3 Rb3+ 114. Kg4 Rb4 115. Ra5 Rc4 116. Re5 Rb4 1/2-1/2


[Site "https://www.chess.com"]

[Event "Titled Tuesday Blitz February 28 Early 2023"]
[White "Ruiz Aguilar, Pablo Alexander"]
[Black "Khamdamova, Afruza"]
[WhiteFideId "4401352"]
[BlackFideId "14210444"]
[WhiteElo "2138"]
[BlackElo "2210"]
[Result "0-1"]
[Round "08"]
[TimeControl "180+2"]
[Date "2023.02.28"]
[WhiteClock "0:00:01"]
[BlackClock "0:01:06"]

1. e4 e5 2. Nf3 Nf6 3. Nc3 Nc6 4. Bb5 Bc5 5. O-O O-O 6. d3 d6 7. Bxc6 bxc6 8. h3 h6 9. Be3 Bb6 10. a4 Re8 11. a5 Bxe3 12. fxe3 d5 13. Nd2 Rb8 14. Qc1 Be6 15. Na4 dxe4 16. Nxe4 Nxe4 17. dxe4 Qe7 18. c3 Red8 19. b4 Qg5 20. Rf3 Bb3 21. Nc5 Rd1+ 22. Qxd1 Bxd1 23. Rxd1 Rd8 24. Rxd8+ Qxd8 25. Rf5 Qd2 26. Rxe5 Qxe3+ 27. Kh1 Qxc3 28. Re8+ Kh7 29. e5 Qxb4 30. e6 fxe6 31. Nxe6 Kg6 32. a6 Qe1+ 33. Kh2 Qe5+ 34. Kh1 Kf7 35. Nxc7 Qxc7 0-1


[Site "https://www.chess.com"]

[Event "Titled Tuesday Blitz February 28 Early 2023"]
[White "Wilson, Elvin"]
[Black "Omariev, Maksim"]
[WhiteFideId "2014874"]
[BlackFideId "4193423"]
[WhiteElo "2299"]
[BlackElo "2463"]
[Result "1-0"]
[Round "08"]
[TimeControl "180+2"]
[Date "2023.02.28"]
[WhiteClock "0:00:48"]
[BlackClock "0:00:02"]

1. c4 h5 2. Nc3 h4 3. h3 d6 4. Nf3 e5 5. e4 c5 6. d3 Nc6 7. Be3 Be6 8. Ng5 Bd7 9. Be2 Be7 10. Nf3 Nf6 11. Qd2 Nd4 12. Nh2 Be6 13. Bd1 a6 14. Ba4+ Kf8 15. O-O Rb8 16. Bd1 Nh5 17. Bxh5 Rxh5 18. f4 exf4 19. Bxf4 Bg5 20. Rae1 Kg8 21. Qd1 Rh6 22. Nd5 Bxd5 23. exd5 Rg6 24. Qd2 b5 25. b3 bxc4 26. dxc4 Bxf4 27. Qxf4 a5 28. Qxf7+ Kh7 29. Ng4 Qg5 30. Re7 a4 31. bxa4 Rb2 32. Re8 1-0


[Site "https://www.chess.com"]

[Event "Titled Tuesday Blitz February 28 Early 2023"]
[White "Ramirez Allo, Eduardo"]
[Black "Bulatova, Kamaliya"]
[WhiteFideId "2224178"]
[BlackFideId "34111546"]
[WhiteElo "2446"]
[BlackElo "2039"]
[Result "1-0"]
[Round "08"]
[TimeControl "180+2"]
[Date "2023.02.28"]
[WhiteClock "0:00:42"]
[BlackClock "0:00:07"]

1. e4 a6 2. d4 b5 3. a4 bxa4 4. Nc3 Bb7 5. Nf3 e6 6. Bd3 a3 7. bxa3 c5 8. O-O cxd4 9. Nxd4 Bc5 10. Be3 Qe7 11. Rb1 d6 12. Na4 Bc6 13. Nb6 Bxb6 14. Rxb6 Bd7 15. Qb1 Qd8 16. Qb4 Ne7 17. Rb1 Nbc6 18. Qxd6 Nc8 19. Nxc6 Qxb6 20. Rxb6 Nxd6 21. Ne5 Nb5 22. Rb7 Rd8 23. Bb6 Bc8 24. Rb8 O-O 25. Bxd8 Rxd8 26. Nc6 Re8 27. Rxc8 Rxc8 28. Ne7+ Kf8 29. Nxc8 Ke8 30. Bxb5+ axb5 31. Nd6+ Kd7 32. Nxb5 Kc6 33. a4 Kb6 34. c4 Ka5 35. c5 Kxa4 36. c6 Kxb5 37. c7 1-0


[Site "https://www.chess.com"]

[Event "Titled Tuesday Blitz February 28 Early 2023"]
[White "mohsengabr2002"]
[Black "Levitan, Caleb Levi"]
[BlackFideId "14332620"]
[WhiteElo "2404"]
[BlackElo "1963"]
[Result "0-1"]
[Round "08"]
[TimeControl "180+2"]
[Date "2023.02.28"]
[WhiteClock "0:01:42"]
[BlackClock "0:00:24"]

1. e4 c5 2. Nf3 e6 3. d4 cxd4 4. Nxd4 a6 5. c4 Nf6 6. f3 Nc6 7. Nxc6 bxc6 8. Be3 d5 9. e5 Nd7 10. f4 Bc5 11. Qd2 Qb6 12. Bxc5 Nxc5 13. Nc3 O-O 14. Be2 Rb8 15. O-O-O d4 16. Nb1 d3 17. Bf3 Rd8 18. b3 Nxb3+ 19. axb3 Qxb3 20. Qc3 d2+ 0-1


[Site "https://www.chess.com"]

[Event "Titled Tuesday Blitz February 28 Early 2023"]
[White "Miszler, Levente"]
[Black "Martin, Lewis"]
[WhiteFideId "763276"]
[BlackFideId "410551"]
[WhiteElo "2176"]
[BlackElo "2145"]
[Result "1-0"]
[Round "08"]
[TimeControl "180+2"]
[Date "2023.02.28"]
[WhiteClock "0:02:23"]
[BlackClock "0:01:01"]

1. Nf3 c5 2. c4 Nc6 3. Nc3 Nf6 4. g3 g6 5. Bg2 Bg7 6. O-O Nd4 7. e3 Nxf3+ 8. Bxf3 O-O 9. d4 cxd4 10. exd4 d6 11. Be3 a6 12. Rc1 Rb8 13. c5 dxc5 14. dxc5 Qa5 15. Bf4 Ra8 16. Qb3 Be6 17. Qxb7 Rac8 18. c6 Ne8 19. Nd5 Bxd5 20. Bxd5 Nd6 21. Bxd6 exd6 22. Rfd1 Rc7 23. b4 Qa3 24. Qxc7 1-0


[Site "https://www.chess.com"]

[Event "Titled Tuesday Blitz February 28 Early 2023"]
[White "Ardila, Oscar Humberto"]
[Black "Devaev, Alexander"]
[WhiteFideId "4404742"]
[BlackFideId "4169395"]
[WhiteElo "1946"]
[BlackElo "2225"]
[Result "0-1"]
[Round "08"]
[TimeControl "180+2"]
[Date "2023.02.28"]
[WhiteClock "0:00:25"]
[BlackClock "0:00:27"]

1. d4 Nf6 2. c4 e6 3. Nc3 Bb4 4. Bd2 O-O 5. Nf3 b6 6. e3 Bb7 7. Be2 Bxc3 8. Bxc3 Ne4 9. Rc1 d6 10. O-O Nd7 11. Be1 f5 12. Nd2 Ndf6 13. Nxe4 fxe4 14. b4 d5 15. c5 Qd7 16. Qc2 Qe7 17. cxb6 cxb6 18. Qc7 Rf7 19. Qxe7 Rxe7 20. b5 a6 21. Bb4 Rd7 22. a4 axb5 23. Bxb5 Rf7 24. Rc2 h5 25. Rfc1 Ba6 26. h3 Bxb5 27. Rc8+ Rxc8 28. Rxc8+ Be8 29. g4 hxg4 30. hxg4 g5 31. Rb8 Ra7 32. Bd6 Kf7 33. Rxb6 Bxa4 34. Bb8 Rd7 35. Rb4 Bd1 36. Kg2 Bxg4 37. Kg3 Bf5 38. Be5 Ng4 39. Bb8 Nh6 40. Be5 Ng8 41. Rb8 Ne7 42. Rh8 Nc6 43. Rh5 Nxe5 44. dxe5 g4 45. Kf4 d4 46. exd4 Rxd4 47. Rh8 Rd3 48. Rb8 Kg6 49. Rg8+ Kh7 50. Rd8 Rxd8 0-1


[Site "https://www.chess.com"]

[Event "Titled Tuesday Blitz February 28 Early 2023"]
[White "Pein, Jonathan"]
[Black "Einarsson, Halldor Gretar"]
[WhiteFideId "417092"]
[BlackFideId "2300150"]
[WhiteElo "2151"]
[BlackElo "2126"]
[Result "1-0"]
[Round "08"]
[TimeControl "180+2"]
[Date "2023.02.28"]
[WhiteClock "0:01:30"]
[BlackClock "0:00:02"]

1. b3 Nf6 2. Bb2 g6 3. Bxf6 exf6 4. c4 d5 5. cxd5 Qxd5 6. Nc3 Qd8 7. g3 c6 8. Bg2 Be6 9. Nf3 Bg7 10. O-O f5 11. Rc1 O-O 12. e3 Nd7 13. d4 Nb6 14. Qe2 Nd5 15. Na4 Re8 16. Nc5 Bc8 17. Nd3 a5 18. a3 Nf6 19. Qc2 Be6 20. Nc5 Bc8 21. Ne5 Nd5 22. Rfd1 Bxe5 23. dxe5 Rxe5 24. e4 fxe4 25. Bxe4 Qe7 26. Bg2 Bf5 27. Qc4 b5 28. Qd4 Rd8 29. Nd3 Re2 30. Nf4 Ra2 31. Nxd5 cxd5 32. Bxd5 Be4 33. Qxe4 Qf6 34. Qf3 Qxf3 35. Bxf3 1-0


[Site "https://www.chess.com"]

[Event "Titled Tuesday Blitz February 28 Early 2023"]
[White "Estrada Nieto, Julian"]
[Black "Clawitter, Craig"]
[WhiteFideId "5101018"]
[BlackFideId "2023105"]
[WhiteElo "2176"]
[BlackElo "2237"]
[Result "1/2-1/2"]
[Round "08"]
[TimeControl "180+2"]
[Date "2023.02.28"]
[WhiteClock "0:00:05"]
[BlackClock "0:00:10"]

1. e4 e6 2. d4 d5 3. Nd2 Be7 4. Bd3 c5 5. dxc5 Nf6 6. exd5 exd5 7. Ngf3 O-O 8. O-O a5 9. a4 Na6 10. Nb3 Nxc5 11. Nxc5 Bxc5 12. Bg5 Qb6 13. Bxf6 Qxf6 14. c3 Bg4 15. Be2 Rad8 16. Re1 d4 17. cxd4 Bxd4 18. Nxd4 Rxd4 19. Qb3 Rb4 20. Qc3 Bf5 21. Qxf6 gxf6 22. Bb5 Rxb2 23. Re7 Rd8 24. h4 Rdd2 25. Rf1 Bd3 26. Bxd3 Rxd3 27. Rc1 Rdd2 28. Rc8+ Kg7 29. Rcc7 Rxf2 30. Rxf7+ Kg6 31. Rg7+ Kf5 32. Rxb7 Rxg2+ 33. Rxg2 Rxb7 34. Rc2 Rb4 35. Rc5+ Kg6 36. Rxa5 Rxh4 37. Ra8 Rb4 38. Kf2 Rb2+ 39. Ke3 Ra2 40. Kd4 h5 41. a5 h4 42. Kc4 h3 43. Kb4 h2 44. Rh8 Kg5 45. Kb5 Kg4 46. a6 Kg3 47. Rg8+ Kf2 48. Rh8 Kg1 49. Rg8+ Kh1 50. Rg6 f5 51. Kb6 f4 52. a7 f3 53. Kb7 f2 54. Rf6 Kg2 55. Rg6+ Kf3 56. Rf6+ Ke3 57. Re6+ Kd4 58. Rd6+ Kc5 59. Rd1 Rb2+ 60. Kc7 Ra2 61. Kb7 Kc4 62. Rh1 Kc3 63. Rxh2 f1=Q 64. Rxa2 Qf3+ 65. Kb6 Qe3+ 66. Kb5 Qe5+ 67. Kb6 Qd4+ 68. Kb7 Qd5+ 69. Kb6 Qb3+ 70. Kc7 Qxa2 71. Kb8 Qb3+ 72. Ka8 Qd5+ 73. Kb8 Qb5+ 74. Ka8 Qa6 75. Kb8 Kc4 76. a8=Q Qxa8+ 77. Kxa8 1/2-1/2


[Site "https://www.chess.com"]

[Event "Titled Tuesday Blitz February 28 Early 2023"]
[White "Hertlein, Irena"]
[Black "Vaglio Munoz, Jaime"]
[WhiteFideId "21817618"]
[BlackFideId "6500145"]
[WhiteElo "1776"]
[BlackElo "2199"]
[Result "1-0"]
[Round "08"]
[TimeControl "180+2"]
[Date "2023.02.28"]
[WhiteClock "0:00:06"]
[BlackClock "0:00:31"]

1. d4 c6 2. Nc3 a6 3. e4 b5 4. f4 d5 5. e5 h5 6. Bd3 g6 7. Nf3 Bg4 8. h3 Bxf3 9. Qxf3 e6 10. Bd2 h4 11. O-O-O Qb6 12. Ne2 a5 13. g4 hxg3 14. Nxg3 c5 15. dxc5 Bxc5 16. f5 gxf5 17. Bxf5 exf5 18. Nxf5 Ne7 19. Ng7+ Kd8 20. Qxf7 Qg6 21. Ne6+ Kc8 22. Qxg6 Nxg6 23. Nxc5 Nxe5 24. h4 Nbc6 25. Rdf1 Ra7 26. h5 Nd4 27. Bc3 Ndc6 28. Rf6 Rah7 29. Rxc6+ Nxc6 30. Bxh8 Rxh8 31. h6 Rh7 32. Ne6 Ne5 33. Ng5 Rh8 34. h7 Kd7 35. Kd2 Ng6 36. Ke3 Ke7 37. Kd4 Kf6 38. Nf3 Nf4 39. Kc5 Rc8+ 40. Kxb5 Ng6 41. Kxa5 Nh8 42. c3 Kf5 43. Nd4+ Ke4 44. Re1+ Kd3 45. Rd1+ Ke3 46. Re1+ Kd2 47. Re7 Kc1 48. Rg7 Ra8+ 49. Kb4 Ra6 50. Rg8 Nf7 51. h8=Q Nxh8 52. Rxh8 Kxb2 53. a4 Ra7 54. Nb5 Rg7 55. Rd8 Rg4+ 56. Nd4 Rg5 57. a5 Rg6 58. Rxd5 Rg8 59. a6 Ra8 60. Ra5 Ra7 61. Nc6 Ra8 62. a7 Kc2 63. Rb5 Kd3 64. Rb8 Rxa7 65. Nxa7 Ke4 66. Rd8 Ke5 67. c4 Ke6 68. Rd1 Ke7 69. c5 Ke6 70. c6 Ke5 71. c7 Ke4 72. c8=Q Ke5 73. Qc3+ Ke4 74. Qe1+ Kf3 75. Rd2 Kf4 76. Rf2+ Kg5 77. Qg1+ Kh6 78. Rh2# 1-0


[Site "https://www.chess.com"]

[Event "Titled Tuesday Blitz February 28 Early 2023"]
[White "Winkels, Marcel"]
[Black "Hoffmann, Asa"]
[WhiteFideId "1003887"]
[BlackFideId "2001470"]
[WhiteElo "1900"]
[BlackElo "2117"]
[Result "0-1"]
[Round "08"]
[TimeControl "180+2"]
[Date "2023.02.28"]
[WhiteClock "0:00:02"]
[BlackClock "0:00:54"]

1. Nf3 d6 2. c4 e5 3. g3 c6 4. Bg2 Be6 5. b3 Be7 6. O-O Nd7 7. d4 e4 8. Nfd2 d5 9. Nc3 f5 10. e3 Ngf6 11. Ne2 O-O 12. Nf4 Bf7 13. h4 Bd6 14. c5 Bxf4 15. exf4 Bh5 16. Qc2 Be2 17. Re1 Bd3 18. Qd1 b6 19. b4 a5 20. Ba3 axb4 21. Bxb4 bxc5 22. dxc5 d4 23. Bf1 Bxf1 24. Kxf1 Nd5 25. a3 Nxf4 26. gxf4 Qxh4 27. Kg2 Rf6 28. Nf1 Qxf4 29. Qxd4 Ne5 30. Ng3 Ng4 31. Rh1 Qf3+ 32. Kg1 e3 33. Be1 Re8 34. a4 Rg6 35. Rh3 f4 36. Nh5 Qxh3 0-1


[Site "https://www.chess.com"]

[Event "Titled Tuesday Blitz February 28 Early 2023"]
[White "Fabris, Alberto"]
[Black "Valle Maytin, Luis Enrique"]
[WhiteFideId "801348"]
[BlackFideId "3503666"]
[WhiteElo "2132"]
[BlackElo "2225"]
[Result "0-1"]
[Round "08"]
[TimeControl "180+2"]
[Date "2023.02.28"]
[WhiteClock "0:00:13"]
[BlackClock "0:00:07"]

1. e4 c6 2. d4 d5 3. e5 c5 4. dxc5 e6 5. Be3 Nd7 6. Nf3 Bxc5 7. Bxc5 Nxc5 8. Bd3 Ne7 9. O-O Ng6 10. Nc3 a6 11. Re1 Qc7 12. Qe2 O-O 13. Qe3 Nxd3 14. cxd3 b5 15. d4 b4 16. Ne2 Bd7 17. Rec1 Qb6 18. Ne1 Rfc8 19. Nd3 Bb5 20. Nc5 a5 21. Nf4 Ne7 22. Nfd3 Nf5 23. Qf4 Ne7 24. Rc2 Nf5 25. Rac1 Bxd3 26. Nxd3 Rxc2 27. Rxc2 Qxd4 28. Qxd4 Nxd4 29. Rc7 h6 30. f4 h5 31. Kf2 Kf8 32. g3 Nf5 33. Nc5 Ne7 34. Ke3 Ke8 35. Kd4 Nf5+ 36. Kd3 Ne7 37. Nb7 Nf5 38. Rc5 a4 39. Rb5 a3 40. b3 Kd7 41. Rxb4 Kc6 42. Nd6 Nxd6 43. exd6 Kxd6 44. Rb7 f6 45. Rxg7 e5 46. fxe5+ fxe5 47. Rg6+ Kc5 48. Rg5 e4+ 49. Ke3 Rf8 50. Rxh5 Rf3+ 51. Ke2 Kd4 52. g4 Rc3 53. Kf2 Rc2+ 54. Kg3 Rxa2 55. Rh8 Ra1 56. Ra8 Rg1+ 57. Kf2 Rxg4 58. Rxa3 Rf4+ 59. Ke2 Rf3 60. Ra4+ Kc3 61. Ra5 Rd3 62. Rb5 d4 63. h4 Rd2+ 64. Ke1 e3 65. b4 Rh2 66. Rc5+ Kd3 67. Kf1 e2+ 68. Kg1 Rxh4 69. Re5 Re4 70. Rxe4 Kxe4 71. Kf2 Kd3 72. Ke1 Ke3 73. b5 d3 74. b6 d2# 0-1


[Site "https://www.chess.com"]